 Dungeon Crawl Stone Soup version 0.23.2-30-g0e89c35649 (webtiles) character file.

Game seed: 4550628654037464943

10129 doot the Zephyrmancer (level 11, -4/56 HPs)
             Began as a Tengu Air Elementalist on June 25, 2019.
             Was an Elder of Vehumet.
             Slain by Snorg (7 damage)
             ... on level 10 of the Dungeon.
             The game lasted 00:36:42 (14124 turns).

doot the Zephyrmancer (Tengu Air Elementalist)     Turns: 14124, Time: 00:36:44

Health: -4/56      AC:  7    Str:  8    XL:     11   Next: 57%
Magic:  0/26       EV: 16    Int: 19    God:    Vehumet [****..]
Gold:   430        SH:  0    Dex: 15    Spells: 22/31 levels left

rFire    + . .     SeeInvis .   f - +2 dagger (protect)
rCold    . . .     Gourm    .   (no shield)
rNeg     . . .     Faith    .   W - +0 troll leather armour
rPois    .         Spirit   .   (helmet restricted)
rElec    .         Reflect  .   (no cloak)
rCorr    .         Harm     .   A - +2 pair of gloves
MR       .....                  (boots unavailable)
Stlth    ++........             V - amulet of the acrobat
HPRegen  0.58/turn              u - ring of wizardry
MPRegen  0.20/turn              p - ring of protection from fire

@: flying quickly and evasively, quick
A: beak, talons 3, able to fly
a: Stop Flying, Renounce Religion


You were on level 10 of the Dungeon.
You worshipped Vehumet.
Vehumet was greatly pleased with you.
You were hungry.

You visited 2 branches of the dungeon, and saw 11 of its levels.
You also visited: Bailey.

You collected 430 gold pieces.

Inventory:

Hand Weapons
 e - a +0 whip
 f - a +2 dagger of protection (weapon)
 G - a +1 dagger of holy wrath
Missiles
 Q - 2 throwing nets (quivered)
Armour
 a - a +0 robe
 A - a +2 pair of gloves (worn)
 S - a +0 leather armour
 T - a +1 robe of magic resistance
 W - a +0 troll leather armour (worn)
Jewellery
 p - a ring of protection from fire (right hand)
 u - a ring of wizardry (left hand)
 w - a +4 amulet of reflection
 x - an uncursed ring of ice
 y - an uncursed ring of fire
 C - an uncursed ring of positive energy
 F - an uncursed ring of positive energy
 H - an uncursed ring of wizardry
 J - an uncursed ring of see invisible {unknown}
 V - an amulet of the acrobat (around neck)
Wands
 U - a wand of iceblast (7)
 Z - a wand of disintegration (13)
Scrolls
 d - 7 scrolls of amnesia
 g - 3 scrolls of enchant armour {unknown}
 i - 5 scrolls of magic mapping {unknown}
 k - 4 scrolls of remove curse
 l - 3 scrolls of teleportation {unknown}
 q - a scroll of summoning
 t - a scroll of fog {unknown}
 v - 3 scrolls of immolation {unknown}
 E - a scroll of noise {unknown}
 K - a scroll of blinking {unknown}
 M - 8 scrolls of enchant weapon {unknown}
 R - 5 scrolls of identify
Potions
 b - 3 potions of lignification
 h - 9 potions of curing
 j - 2 potions of mutation
 m - 3 potions of heal wounds
 n - a potion of resistance {unknown}
 o - 5 potions of degeneration
 r - a potion of haste {unknown}
 s - 3 potions of flight
 z - a potion of magic {unknown}
 B - a potion of agility {unknown}
 D - 2 potions of might
 I - a potion of ambrosia
 L - 2 potions of cancellation
 N - a potion of berserk rage {unknown}
 O - 2 potions of invisibility
 P - a potion of experience {unknown}
 Y - 2 potions of brilliance {unknown}
Comestibles
 c - 14 rations
 X - 3 chunks of flesh


   Skills:
 + Level 1.5 Fighting
 + Level 3.2 Short Blades
 + Level 1.4 Armour
 + Level 4.4 Dodging
 + Level 3.6 Stealth
 + Level 10.7 Spellcasting
 + Level 5.3 Conjurations
 + Level 1.8 Summonings
 + Level 14.7 Air Magic


You had 22 spell levels left.
You knew the following spells:

 Your Spells              Type           Power        Failure   Level  Hunger
a - Shock                 Conj/Air       ####         1%          1    None
b - Airstrike             Air            ######....   1%          4    ##.....
d - Summon Lightning Spi  Summ/Air       #####...     1%          4    ##.....

Your spell library contained the following spells:

 Spells                   Type           Power        Failure   Level  Hunger
 Stone Arrow              Conj/Erth      ###...       1%          3    None
 Summon Small Mammal      Summ           ###.         1%          1    None
 Swiftness                Chrm/Air       #####...     1%          2    None
 Static Discharge         Conj/Air       #####...     1%          3    None
 Lightning Bolt           Conj/Air       #####.....   1%          5    ####...
 Call Imp                 Summ           ###.....     2%          2    None
 Call Canine Familiar     Summ           ###.....     6%          3    None
 Summon Guardian Golem    Hex/Summ       ##......     9%          3    None
 Summon Ice Beast         Ice/Summ       ##......     26%         4    ##.....


Dungeon Overview and Level Annotations

Branches:
Dungeon (10/15)            Temple (1/1) D:4             Orc (0/2) D:9
   Lair: D:8-11

Altars:
Ashenzari
Cheibriados
Dithmenos
Elyvilon
Fedhas
Gozag
Hepliaklqana
Kikubaaqudgha
Makhleb
Nemelex Xobeh
Okawaru
Qazlal
Ru
Sif Muna
Trog
Uskayaw
Vehumet
Wu Jian
Xom
Yredelemnul
Zin
The Shining One
Beogh

Shops:
D:5 :   D:10 ([

Annotations:
D:10 Snorg


Innate Abilities, Weirdness & Mutations

You have a beak for a mouth.
You have claws for feet.
You can fly continuously.


Message History

Press: ? - help, Dir - move target cursor, f/p - Snorg
Aim: Snorg (severely wounded, berserk, fast, unusually strong)
The air twists around and strikes Snorg!
Snorg is almost dead.
Snorg misses you. Snorg closely misses you. Snorg barely misses you.
Snorg misses you. x2; Snorg claws you!
* * * LOW HITPOINT WARNING * * *
Unknown command.
You feel much better. Snorg bites you!
* * * LOW HITPOINT WARNING * * *
Snorg barely misses you. Snorg claws you!
* * * LOW HITPOINT WARNING * * *
Unknown command.
You feel much better. Snorg bites you but does no damage.
Snorg barely misses you. Snorg claws you!
* * * LOW HITPOINT WARNING * * *
Snorg bites you!
* * * LOW HITPOINT WARNING * * *
Snorg closely misses you. Snorg claws you!
You die...

.# #.......#
#..T.#.........)... .#
#..≈....####.##T#.############
.###.......##...##.#...).#
...........##.##...#####.#
#############.##.### #.#
###.....######.#
#....8..##.).).#
#.#####T##.##### #.##..@.##†#
#.##.#####.# #####.##.......#
#.....########## #.##### #.#
#######.# ........# #########


You could see Snorg (berserk).

Vanquished Creatures
  A two-headed ogre (D:8)
  Pikel (D:6)
  An orc knight (Bailey)
  A deep elf mage (D:6)
  A gargoyle (D:10)
  A troll (D:10)
  Prince Ribbit (D:5)
  Grinder (D:5)
  12 yaks
  2 hungry ghosts
  Menkaure (D:5)
  Duvessa (D:6)
  3 sky beasts
  An ice beast (D:9)
  A hornet zombie (D:8)
  5 orc warriors
  5 ogres
  3 phantoms
  A centaur (D:9)
  2 crocodiles (D:10)
  A big kobold (D:9)
  Blork the orc (D:6)
  2 wyvern zombies
  A gnoll sergeant (D:10)
  3 bullfrogs
  Dowan (D:6)
  A water moccasin zombie (D:8)
  3 scorpions
  7 wights
  6 killer bees
  2 howler monkeys
  A bullfrog zombie (D:8)
  3 crimson imps
  A quasit (D:10)
  3 orc priests
  7 orc wizards
  3 jellies (D:9)
  3 centaur skeletons
  2 hounds
  2 iguanas
  A bullfrog skeleton (D:6)
  5 worker ants
  A killer bee zombie (D:9)
  2 worker ant zombies
  9 gnolls
  A howler monkey skeleton (D:7)
  6 adders
  6 oozes
  An adder zombie (D:7)
  2 adder skeletons
  2 worms (D:3)
  A dart slug (D:3)
  2 leopard geckos
  55 orcs
  3 giant cockroaches
  12 goblins
  9 hobgoblins
  4 jackals (D:6)
  7 kobolds
  5 quokkas
  A ball python (D:1)
  2 bats (D:3)
  7 frilled lizards
  A giant cockroach zombie (D:5)
  A leopard gecko skeleton (D:5)
  A quokka skeleton (D:4)
  A quokka zombie (D:6)
  9 rats
255 creatures vanquished.

Vanquished Creatures (collateral kills)
  3 orc knights (Bailey)
  2 orc warriors (Bailey)
  16 orcs (Bailey)
21 creatures vanquished.

Grand Total: 276 creatures vanquished

Notes
Turn   | Place    | Note
-------+----------+-------------------------------------------
     0 | D:1      | doot the Tengu Air Elementalist began the quest for the
                  | Orb.
     0 | D:1      | Reached XP level 1. HP: 10/10 MP: 4/4
   370 | D:1      | Reached XP level 2. HP: 15/15 MP: 1/6
  1057 | D:2      | Reached XP level 3. HP: 19/19 MP: 2/7
  1805 | D:2      | Reached XP level 4. HP: 20/24 MP: 6/8
  1814 | D:2      | Learned a level 4 spell: Airstrike
  2151 | D:3      | Reached skill level 5 in Air Magic
  2509 | D:3      | You fall through a shaft for 2 floors!
  2509 | D:5      | Entered Level 5 of the Dungeon
  2524 | D:5      | Noticed a sky beast
  3047 | D:4      | Reached skill level 1 in Short Blades
  3047 | D:4      | Gained mutation: You can fly continuously. [Tengu growth]
  3047 | D:4      | Reached XP level 5. HP: 25/28 MP: 3/9
  3312 | D:4      | Found a staircase to the Ecumenical Temple.
  3321 | Temple   | Entered the Ecumenical Temple
  3352 | Temple   | Became a worshipper of Vehumet
  3481 | D:4      | Found an ancient bone altar of Kikubaaqudgha.
  3938 | D:4      | Noticed an ogre
  3946 | D:4      | Reached XP level 6. HP: 33/33 MP: 2/11
  3972 | D:4      | Reached skill level 6 in Air Magic
  4325 | D:5      | Killed a sky beast
  4434 | D:5      | Learned a level 5 spell: Lightning Bolt
  4447 | D:5      | Reached XP level 7. HP: 37/37 MP: 2/13
  4560 | D:5      | Noticed Menkaure
  4570 | D:5      | Killed Menkaure
  4765 | D:5      | Reached skill level 7 in Air Magic
  4954 | D:5      | Reached skill level 1 in Fighting
  5055 | D:5      | Reached XP level 8. HP: 43/43 MP: 7/16
  5068 | D:5      | Noticed Prince Ribbit
  5130 | D:5      | Reached skill level 8 in Air Magic
  5136 | D:5      | Killed Prince Ribbit
  5136 | D:5      | Reached skill level 5 in Spellcasting
  5370 | D:5      | Found Qaaveosu's Book Shop.
  5389 | D:5      | Noticed Grinder
  5400 | D:5      | Killed Grinder
  5400 | D:5      | Reached skill level 9 in Air Magic
  6076 | D:6      | Identified the +2 hunting sling of the Pariah {freeze,
                  | Stlth+}
  6137 | D:6      | Noticed Dowan
  6139 | D:6      | Noticed Duvessa
  6315 | D:6      | Reached XP level 9. HP: 47/47 MP: 2/19
  6631 | D:6      | Killed Duvessa
  6631 | D:6      | Reached skill level 10 in Air Magic
  6811 | D:6      | Found a shadowy altar of Dithmenos.
  6825 | D:6      | Reached * piety under Vehumet
  6825 | D:6      | Offered knowledge of Sting by Vehumet.
  6919 | D:6      | Noticed a deep elf mage
  6925 | D:6      | Killed a deep elf mage
  7000 | D:6      | Noticed Blork the orc
  7022 | D:6      | Killed Blork the orc
  7234 | D:6      | Killed Dowan
  7309 | D:6      | Noticed Pikel
  7318 | D:6      | Killed Pikel
  7318 | D:6      | Reached skill level 11 in Air Magic
  7769 | D:7      | Found a bloodstained altar of Trog.
  7814 | D:7      | Found a sparkling altar of Nemelex Xobeh.
  7837 | D:7      | Reached skill level 12 in Air Magic
  7851 | D:7      | Learned a level 4 spell: Summon Lightning Spire
  8251 | D:8      | Reached XP level 10. HP: 52/52 MP: 23/23
  8626 | D:8      | Found a flagged portal.
  8633 | Bailey   | Entered a bailey
  8807 | Bailey   | Offered knowledge of Freeze by Vehumet.
  8808 | Bailey   | Reached ** piety under Vehumet
  8998 | Bailey   | Noticed an orc knight
  9060 | Bailey   | Killed an orc knight
  9113 | Bailey   | Noticed an orc knight
  9287 | Bailey   | Killed an orc knight
  9287 | Bailey   | Reached skill level 13 in Air Magic
  9414 | Bailey   | Noticed an orc knight
  9414 | Bailey   | Noticed an orc knight
  9427 | Bailey   | Killed an orc knight
  9427 | Bailey   | Reached skill level 1 in Summonings
  9453 | Bailey   | Killed an orc knight
  9643 | D:8      | Found a basalt altar of Yredelemnul.
  9660 | D:8      | Found a deep blue altar of Sif Muna.
  9660 | D:8      | Found a stormy altar of Qazlal.
  9766 | D:8      | Offered knowledge of Conjure Flame by Vehumet.
 10201 | D:8      | Noticed a two-headed ogre
 10246 | D:8      | Killed a two-headed ogre
 11093 | D:9      | Reached *** piety under Vehumet
 11365 | D:9      | Reached XP level 11. HP: 56/56 MP: 13/25
 11497 | D:9      | Found a roughly hewn altar of Beogh.
 11497 | D:9      | Found a staircase to the Orcish Mines.
 11627 | D:9      | Reached skill level 10 in Spellcasting
 11909 | D:9      | Offered knowledge of Dazzling Spray by Vehumet.
 12397 | D:10     | Entered Level 10 of the Dungeon
 12518 | D:10     | Reached skill level 14 in Air Magic
 12575 | D:10     | Reached **** piety under Vehumet
 12664 | D:10     | Reached skill level 5 in Conjurations
 12864 | D:10     | Found Hoalycyd's Weapon Boutique.
 12890 | D:10     | Offered knowledge of Stone Arrow by Vehumet.
 13437 | D:10     | Reached skill level 1 in Armour
 13887 | D:10     | Found Soarrel's Armour Emporium.
 13951 | D:10     | Noticed Snorg
 14124 | D:10     | Slain by Snorg

Skill      XL: |  1  2  3  4  5  6  7  8  9 10 11 |
---------------+----------------------------------+-----
Conjurations   | 2 3 4 5 |  5.3
Air Magic      | 5 6 7 9 12 13 14 | 14.7
Short Blades   | 1 2 3 |  3.2
Dodging        | 3 4 |  4.4
Spellcasting   | 3 4 6 8 9 10 | 10.7
Fighting       | 1 |  1.5
Stealth        | 3 |  3.6
Summonings     | 1 |  1.8
Armour         | 1 |  1.4

Action                   |  1- 3 |  4- 6 |  7- 9 | 10-12 || total
-------------------------+-------+-------+-------+-------++-------
Melee: Dagger            |    31 |    46 |    72 |    62 ||   211
       Kick              |     8 |     7 |    14 |    21 ||    50
       Peck              |     4 |     6 |    11 |     7 ||    28
 Cast: Shock             |    47 |    58 |    14 |   157 ||   276
       Airstrike         |       |     8 |    81 |   145 ||   234
       Lightning Bolt    |       |       |     4 |       ||     4
       Summon Lightning  |       |       |       |    12 ||    12
 Abil: Fly               |       |     1 |       |       ||     1
  Use: Scroll            |       |       |       |    12 ||    12
       Potion            |       |       |       |     2 ||     2
 Stab: Sleeping          |     1 |     1 |     1 |     1 ||     4
  Eat: Chunk             |     3 |     6 |     8 |    20 ||    37
       Ration            |       |     1 |     5 |     2 ||     8
Armor: Robe              |     7 |     8 |    10 |    17 ||    42
       Troll leather arm |       |       |       |     2 ||     2
Dodge: Dodged            |    24 |    32 |    45 |   133 ||   234
Block: Other             |       |     1 |    13 |    18 ||    32
       Reflection        |       |       |       |     1 ||     1
